 Dungeon Crawl Stone Soup version 0.24.0-13-gcf9b319 (webtiles) character file.

Game seed: 8106194725517186234, levelgen mode: deterministic

1323 Inchmeat the Cruncher (level 8, 0/44 HPs)
             Began as a Gargoyle Gladiator on Feb 24, 2020.
             Slain by a yak (5 damage)
             ... on level 9 of the Dungeon.
             The game lasted 00:05:31 (5419 turns).

Inchmeat the Cruncher (Gargoyle Gladiator)          Turns: 5419, Time: 00:05:32

Health: 0/44       AC: 19    Str: 19    XL:     8   Next: 59%
Magic:  8/8        EV:  8    Int: 10    God:
Gold:   215        SH:  0    Dex: 11    Spells: 7/7 levels left

rFire    . . .     SeeInvis .   a - +0 quarterstaff
rCold    . . .     Gourm    .   (shield currently unavailable)
rNeg     + . .     Faith    .   m - +0 chain mail
rPois    ∞         Spirit   .   c - +0 helmet
rElec    +         Reflect  .   (no cloak)
rCorr    .         Harm     .   k - +0 pair of gloves
MR       .....                  (no boots)
Stlth    ..........             (no amulet)
HPRegen  0.14/turn              r - +4 ring of protection
MPRegen  0.11/turn              (no ring)

@: no status effects
A: negative energy resistance 1, electricity resistance, unbreathing,
petrification resistance, rot immunity, AC +5
a: no special abilities


You were on level 9 of the Dungeon.
You were not hungry.

You visited 1 branch of the dungeon, and saw 7 of its levels.

You collected 215 gold pieces.

Inventory:

Hand Weapons
 a - a +0 quarterstaff (weapon)
Missiles
 p - 2 throwing nets (quivered)
Armour
 b - a +0 leather armour
 c - a +0 helmet (worn)
 k - a +0 pair of gloves (worn)
 m - a +0 chain mail (worn)
Jewellery
 r - a +4 ring of protection (left hand)
Wands
 d - a wand of acid (7)
 o - a wand of paralysis (12)
 y - a wand of iceblast (4)
 A - a wand of digging (5)
Scrolls
 g - 3 scrolls of random uselessness {unknown}
 h - 2 scrolls of identify {@r1}
 i - a scroll of amnesia {unknown}
 j - 2 scrolls of magic mapping {unknown}
 l - a scroll of fear {unknown}
 n - a scroll of enchant armour {unknown}
 q - 2 scrolls of noise {unknown}
 s - 5 scrolls of remove curse {unknown}
 t - a scroll of teleportation {unknown}
 v - 2 scrolls of enchant weapon {unknown}
 z - a scroll of blinking {unknown}
Potions
 e - a potion of magic
 u - a potion of curing {@q1}
 w - a potion of mutation {!q}
 x - a potion of might
Comestibles
 f - 12 rations
 B - 3 chunks of flesh


   Skills:
 - Level 2.1 Fighting
 + Level 10.6 Staves
 - Level 1.7 Throwing
 - Level 2.4 Dodging


You had 7 spell levels left.
You didn't know any spells.
Your spell library was empty.

Dungeon Overview and Level Annotations

Branches:
Dungeon (6/15)
 Temple: D:4-7

Altars:
Dithmenos
Gozag
Nemelex Xobeh
Okawaru
Sif Muna
Trog


Innate Abilities, Weirdness & Mutations

You are resistant to torment.
Your stone body is resilient. (AC +5)
You are immune to poison.
You resist negative energy. (rN+)
You are resistant to electric shocks. (rElec)
You can survive without breathing.
You are immune to petrification.
You are immune to rotting.


Message History

Ye hit tha yak but do nay damage.
Tha yak be moderately wounded.
Tha yak gores ye.
Tha yak gores ye but does nay damage.
Tha yak gores ye.
Tha yak gores ye but does nay damage.
Ye thump tha yak!
Tha yak be severely wounded.
Tha yak closely misses ye.
Tha yak gores ye!
* * * LOW HITPOINT WARNIN'
* * * Ye barely miss tha yak.
Tha yak be severely wounded.
Tha yak closely misses ye. x2
Yer chain mail prevents ye from hittin' tha yak.
Tha yak be severely wounded.
Tha yak gores ye but does nay damage.
Tha yak gores ye.
* * * LOW HITPOINT WARNIN'
* * * Tha yak gores ye.
* * * LOW HITPOINT WARNIN'
* * * Tha yak closely misses ye.
Tha yak gores ye.
Ye die...

#+###
#...#
#...#
#.Y@#
#.Y.#
#.YY#
#...#
#..>#
#####


You could see 4 yaks.

Vanquished Creatures
  Grinder (D:5)
  Sigmund (D:2)
  An ice beast (D:5)
  A phantom (D:4)
  A centaur (D:6)
  A bullfrog (D:6)
  A howler monkey (D:4)
  A crimson imp (D:5)
  2 bullfrog zombies
  2 orc priests (D:3)
  2 hounds
  Ijyb (D:3)
  An orc wizard (D:5)
  A bullfrog skeleton (D:4)
  2 iguanas (D:4)
  5 worker ants
  3 adders
  A shadow imp (D:5)
  2 oozes (D:1)
  3 worms
  3 dart slugs
  4 leopard geckos
  12 orcs
  A giant cockroach (D:3)
  4 goblins
  9 hobgoblins
  4 jackals
  9 kobolds
  2 quokkas
  A ball python (D:3)
  4 bats
  6 frilled lizards
  A leopard gecko skeleton (D:4)
  A quokka skeleton (D:5)
  A quokka zombie (D:5)
  5 rats
100 creatures vanquished.

Notes
Turn   | Place    | Note
-------+----------+-------------------------------------------
     0 | D:1      | Inchmeat the Gargoyle Gladiator began the quest for the
                  | Orb.
     0 | D:1      | Reached XP level 1. HP: 12/12 MP: 1/1
    92 | D:1      | Reached XP level 2. HP: 16/17 MP: 2/2
   170 | D:1      | Reached skill level 4 in Staves
   326 | D:1      | Reached XP level 3. HP: 21/21 MP: 3/3
  1402 | D:2      | Reached XP level 4. HP: 26/26 MP: 4/4
  1506 | D:2      | Noticed Sigmund
  1518 | D:2      | Killed Sigmund
  1518 | D:2      | Reached skill level 6 in Staves
  1518 | D:2      | Reached XP level 5. HP: 19/30 MP: 5/5
  1939 | D:3      | Noticed Ijyb
  1959 | D:3      | Killed Ijyb
  1959 | D:3      | Reached XP level 6. HP: 6/35 MP: 6/6
  2923 | D:3      | Reached skill level 7 in Staves
  3447 | D:3      | Found a bloodstained altar of Trog.
  3460 | D:3      | Found an iron altar of Okawaru.
  3514 | D:3      | Found a shimmering blue altar of Sif Muna.
  3514 | D:3      | Found a shadowy altar of Dithmenos.
  3519 | D:3      | Found an opulent altar of Gozag.
  3521 | D:3      | Found a faded altar of an unknown god.
  3523 | D:3      | Found a sparkling altar of Nemelex Xobeh.
  3803 | D:4      | Noticed a phantom
  3850 | D:4      | Killed a phantom
  3850 | D:4      | Reached XP level 7. HP: 36/40 MP: 7/7
  3924 | D:4      | Reached skill level 8 in Staves
  4454 | D:5      | Entered Level 5 of the Dungeon
  4654 | D:5      | Reached skill level 9 in Staves
  4948 | D:5      | Reached XP level 8. HP: 44/44 MP: 8/8
  5092 | D:5      | Noticed Grinder
  5099 | D:5      | Paralysed by Grinder for 4 turns
  5122 | D:5      | Paralysed by Grinder for 6 turns
  5131 | D:5      | Killed Grinder
  5131 | D:5      | Reached skill level 10 in Staves
  5236 | D:5      | Found a sparkling altar of Nemelex Xobeh.
  5404 | D:6      | You fall into a shaft and drop 3 floors!
  5404 | D:9      | Noticed a yak
  5404 | D:9      | Noticed a yak
  5404 | D:9      | Noticed a yak
  5404 | D:9      | Noticed a yak
  5419 | D:9      | Slain by a yak

Levels and vault maps discovered:
D:1:      giann_bridges, layout_basic
D:2:      layout_loops_ring, first_ration, kennysheep_generic_room_7,
          uniq_sigmund
D:3:      layout_basic, amethyst_overflow_temple_binary,
          chequers_temple_overflow_minitemple, uniq_ijyb
D:4:      layout_rooms, kennysheep_generic_room_16
D:5:      layout_basic, nemelex_diamond_rough_becter, uniq_grinder
D:6:      cheibrodos_fertilizer, layout_loops_ring, minmay_temple_entry_fiery,
          kennysheep_generic_room_3, uniq_edmund, uniq_crazy_yiuf_cottage
D:9:      layout_gridville, grunt_temple_overflow_open, uniq_erolcha

Skill      XL: |  1  2  3  4  5  6  7  8 |
---------------+-------------------------+-----
Staves         | 4 6 7 9 10 | 10.6
Fighting       | |  2.1
Throwing       | |  1.7
Dodging        | |  2.4

Action                   |  1- 3 |  4- 6 |  7- 9 || total
-------------------------+-------+-------+-------++-------
Melee: Quarterstaff      |   109 |   110 |   234 ||   453
Throw: Throwing net      |       |     3 |       ||     3
Evoke: Wand              |       |     2 |       ||     2
  Use: Potion            |       |     1 |       ||     1
       Scroll            |       |     1 |     5 ||     6
 Stab: Paralysed         |       |     3 |       ||     3
  Eat: Chunk             |     1 |     5 |     5 ||    11
       Ration            |       |     1 |       ||     1
Armor: Leather armour    |    43 |     3 |       ||    46
       Chain mail        |       |    50 |   160 ||   210
Dodge: Dodged            |    61 |    38 |    73 ||   172
